General information
- name: BNet
- type: Ladder 1vs1/FFA
- host: Battle.net
- saver: BEAR_AND
map: PlunderIsle
- players: 2
- length: 18:29
- speed: Fast
- version: 1.27 W3XP
- replay type:

» download(57 KB)
Players
team 1 (loser)
God_like (
green | 23 APM | 420 actions | 18:28)
3 Paladin
1 Holy Light
1 Devotion Aura
1 Divine Shield
» actions
| Build / train | 50 | |
| Enter build submenu | 19 | |
| Enter hero's abilities submenu | 3 | |
| Remove unit from queue | 1 | |
| Right click | 158 | |
| Select / deselect | 150 | |
| Use ability | 39 | |
420 total
» units
| Peasant | 8 | |
| Footman | 5 | |
| Rifleman | 8 | |
| Gryphon Rider | 15 | |
36 total
» upgrades
» buildings
| Altar of Kings | 2 | |
| Farm | 16 | |
| Barracks | 1 | |
| Arcane Vault | 1 | |
| Lumber Mill | 1 | |
| Keep | 1 | |
| Blacksmith | 1 | |
| Gryphon Aviary | 1 | |
| Castle | 1 | |
| Town Hall | 1 | |
26 total
» build order
00:06 Altar of Kings
00:12 Altar of Kings
00:34 Farm
00:39 Barracks
01:29 Farm
02:06 Farm
02:56 Arcane Vault
03:16 Lumber Mill
04:37 Farm
04:38 Farm
04:50 Keep
06:02 Farm
06:13 Blacksmith
07:12 Gryphon Aviary
07:29 Castle
09:10 Farm
09:11 Farm
10:32 Farm
10:34 Farm
14:42 Farm
14:42 Farm
14:44 Farm
16:11 Town Hall
16:29 Farm
16:30 Farm
17:18 Farm
» items
| Scroll of Regeneration | 2 | |
| Potion of Healing | 1 | |
| Potion of Mana | 1 | |
4 total
team 2 (winner)
BEAR_AND (
orange | 130 APM | 2400 actions | 18:29)
4 Archmage
2 Summon Water Elemental
2 Brilliance Aura
3 Mountain King
2 Storm Bolt
1 Bash
2 Paladin
1 Holy Light
1 Divine Shield
» actions
| Assign group hotkey | 55 | |
| Basic commands | 15 | |
| Build / train | 94 | |
| Enter build submenu | 36 | |
| Enter hero's abilities submenu | 10 | |
| Give item / drop item | 3 | |
| Remove unit from queue | 5 | |
| Right click | 1440 | |
| Select / deselect | 344 | |
| Select group hotkey | 245 | |
| Use ability | 153 | |
2400 total
» units
» upgrades
| Masonry | 2 | |
| Lumber Harvesting | 2 | |
| Magic Sentry | 1 | |
| Priest Training | 1 | |
6 total
» buildings
| Altar of Kings | 1 | |
| Farm | 5 | |
| Lumber Mill | 1 | |
| Scout Tower | 60 | |
| Arcane Vault | 2 | |
| Arcane Tower | 3 | |
| Guard Tower | 24 | |
| Keep | 5 | |
| Town Hall | 2 | |
| Castle | 3 | |
| Arcane Sanctum | 1 | |
107 total
» build order
00:07 Altar of Kings
00:19 Farm
00:34 Lumber Mill
00:46 Farm
01:22 Scout Tower
01:24 Scout Tower
01:50 Scout Tower
01:51 Scout Tower
02:04 Arcane Vault
02:08 Arcane Tower
02:28 Guard Tower
02:39 Guard Tower
03:28 Guard Tower
03:28 Keep
03:28 Keep
03:30 Keep
03:30 Keep
04:02 Scout Tower
04:04 Scout Tower
04:08 Farm
04:47 Town Hall
04:52 Scout Tower
04:53 Scout Tower
04:53 Scout Tower
04:54 Scout Tower
05:32 Guard Tower
05:32 Arcane Tower
05:33 Guard Tower
05:33 Guard Tower
07:12 Guard Tower
07:12 Guard Tower
07:16 Scout Tower
07:16 Scout Tower
07:16 Scout Tower
07:48 Scout Tower
07:49 Scout Tower
07:49 Scout Tower
07:50 Scout Tower
07:52 Castle
07:53 Castle
08:13 Guard Tower
08:17 Farm
08:18 Farm
09:31 Guard Tower
09:34 Arcane Sanctum
09:50 Guard Tower
09:53 Scout Tower
09:53 Scout Tower
09:54 Scout Tower
09:54 Scout Tower
09:56 Scout Tower
09:56 Scout Tower
09:57 Scout Tower
09:58 Scout Tower
10:00 Guard Tower
10:02 Scout Tower
10:02 Scout Tower
10:03 Scout Tower
10:03 Scout Tower
10:08 Scout Tower
10:09 Scout Tower
10:10 Scout Tower
10:12 Scout Tower
10:12 Scout Tower
10:14 Scout Tower
10:14 Scout Tower
10:15 Scout Tower
10:30 Guard Tower
10:44 Guard Tower
11:51 Guard Tower
12:06 Arcane Vault
12:52 Guard Tower
13:53 Guard Tower
15:06 Town Hall
15:10 Scout Tower
15:11 Scout Tower
15:13 Scout Tower
15:14 Scout Tower
15:14 Scout Tower
15:14 Scout Tower
15:15 Scout Tower
15:35 Guard Tower
15:38 Arcane Tower
15:40 Scout Tower
15:41 Scout Tower
15:41 Scout Tower
15:42 Scout Tower
15:42 Scout Tower
15:43 Scout Tower
15:44 Scout Tower
15:45 Scout Tower
15:45 Scout Tower
15:46 Scout Tower
15:46 Scout Tower
15:47 Scout Tower
15:47 Scout Tower
15:48 Scout Tower
15:48 Scout Tower
15:49 Scout Tower
16:08 Guard Tower
16:09 Guard Tower
16:09 Guard Tower
16:36 Guard Tower
16:45 Guard Tower
» items
| Lesser Clarity Potion | 4 | |
| Boots of Speed | 3 | |
| Staff of Teleportation | 3 | |
| Scroll of Regeneration | 1 | |
| Staff of Sanctuary | 3 | |
| Orb of Fire | 1 | |
15 total
Chat log
(00:13 / All) BEAR_AND: hi
(00:16 / All) God_like: yo
(00:23 / All) BEAR_AND: god like....you must be really good
(00:29 / All) God_like: lol im ok
(00:53 / All) BEAR_AND: oh....your name
(01:33 / All) BEAR_AND: from?
(10:41 / All) BEAR_AND: hi
(18:13 / All) BEAR_AND: hehe